 Dungeon Crawl Stone Soup version 0.30-a0-341-g682706514a (webtiles) character file.

Game seed: 3695301237771422524

62 safid the Shooter (level 3, 0/30 HPs)
             Began as a Minotaur Hunter on Nov 3, 2022.
             Killed from afar by Natasha (3 damage)
             ... with a magic dart
             ... on level 3 of the Dungeon.
             The game lasted 00:02:19 (1691 turns).

safid the Shooter (Minotaur Hunter)                 Turns: 1691, Time: 00:02:20

Health: 0/30       AC:  5    Str: 15    XL:     3   Next: 85%
Magic:  2/2        EV: 12    Int:  6    God:
Gold:   134        SH:  0    Dex: 15    Spells: 2/2 levels left

rFire   . . .      SeeInvis .    a - +0 shortbow
rCold   . . .      Faith    .    (shield currently unavailable)
rNeg    + . .      Spirit   .    c - +0 leather armour
rPois   .          Reflect  .    (helmet restricted)
rElec   .          Harm     .    (no cloak)
rCorr   .          Rampage  .    s - +0 pair of gloves
Will    .....                    g - +0 pair of boots
Stlth   +.........               (no amulet)
HPRegen 0.25/turn                n - ring of positive energy
MPRegen 0.08/turn                (no ring)

@: no status effects
A: horns 2, retaliatory headbutt
a: no special abilities


You were on level 3 of the Dungeon.
You visited 1 branch of the dungeon, and saw 3 of its levels.

You collected 134 gold pieces.

Inventory:

Hand Weapons
 a - a +0 shortbow (weapon)
Armour
 c - a +0 leather armour (worn)
 g - a +0 pair of boots (worn)
 s - a +0 pair of gloves (worn)
Jewellery
 n - a ring of positive energy (left hand)
 u - a ring of positive energy
Scrolls
 b - 2 scrolls of immolation
 d - 2 scrolls of enchant weapon {unknown}
 f - a scroll of teleportation {unknown}
 h - a scroll of acquirement {unknown}
 i - a scroll of summoning {unknown}
 j - a scroll of enchant armour {unknown}
 l - a scroll of identify {unknown}
 q - a scroll of torment {unknown}
Potions
 e - 3 potions of brilliance {unknown}
 k - a potion of mutation {unknown}
 m - a potion of attraction {unknown}
 o - a potion of might {unknown}
 p - a potion of curing {unknown}
 r - a potion of magic {unknown}
 t - a potion of ambrosia {unknown}
 v - a potion of berserk rage {unknown}


   Skills:
 + Level 2.8 Fighting
 + Level 5.8 Ranged Weapons
 + Level 1.0 Armour
 - Level 2.1 Dodging
 - Level 0.7 Stealth


You had 2 spell levels left.
You didn't know any spells.
Your spell library contained the following spells:

 Spells                   Type           Power      Damage    Failure   Level
 Ensorcelled Hibernation  Hex/Ice        0%         N/A       67%         2
 Passwall                 Tmut/Erth      0%         N/A       67%         2
 Swiftness                Air            0%         N/A       88%         3


Dungeon Overview and Level Annotations

Branches:
Dungeon (3/15)

Altars:

Annotations:
D:1 2 runed translucent doors
D:3 Natasha


Innate Abilities, Weirdness & Mutations

You have a pair of horns on your head.
You reflexively headbutt those who attack you in melee.


Message History

The grasping roots constrict you. x2
The grasping roots release their grip on you.
You are too injured to fight recklessly!
You are too injured to fight recklessly!
Natasha zaps a wand.
The roots erupt in riotous growth!
The grasping roots grab you! The grasping roots constrict you.
You hear a shout!
You hear an angry hiss.
You escape the roots grasp.
A goblin comes into view. It is wielding a +0 club.
The goblin shouts!
Natasha mewls in sadness.
An adder comes into view.
Natasha zaps a wand.
The roots erupt in riotous growth!
The grasping roots grab you! The grasping roots constrict you.
You escape the roots grasp.
Natasha mumbles some strange words.
An ice beast comes into view.
Natasha casts a spell.
The ice beast falls through a shaft!
The shaft crumbles and collapses.
The shadow imp shouts, "Return whence thou came, thou mangled weevil-witted veal!"
The shadow imp gestures at you. Pain shoots through your body!
* * * LOW HITPOINT WARNING * * *
Natasha wildly gestures.
Natasha's front paws start to glow.
Natasha mumbles some strange words.
Natasha howls an incantation.
Natasha glows brightly for a moment.
Natasha zaps a wand.
The roots erupt in riotous growth!
The grasping roots grab you! The grasping roots constrict you.
* * * LOW HITPOINT WARNING * * *
Something shouts, "Scamper away, thou jarring limp-willed wagtail!"
You hear a shout!
You escape the roots grasp.
Natasha casts a spell at you. The magic dart hits you.
You die...

### ####### #.## #
......########..###.#
..............<....#
..............####
#.########.@.#
#........#...#
#..#####.#...#
#............##.##
##.######..........
#............###.##
#..#####.......# #
#......h.....#.#
#..............#


You could see Natasha.

Vanquished Creatures
  An adder (D:2)
  2 worms (D:2)
  2 dart slugs
  3 ball pythons (D:1)
  2 bats
  4 endoplasms
  2 giant cockroaches (D:1)
  3 goblins
  5 hobgoblins
  3 quokkas
  2 frilled lizards (D:1)
  5 kobolds (D:1)
  7 rats
41 creatures vanquished.

Notes
Turn   | Place    | Note
-------+----------+-------------------------------------------
     0 | D:1      | safid the Minotaur Hunter began the quest for the Orb.
     0 | D:1      | Reached XP level 1. HP: 18/18 MP: 0/0
    40 | D:1      | You fall into a shaft and drop 1 floor!
    65 | D:1      | Reached XP level 2. HP: 10/25 MP: 1/1
    66 | D:1      | Reached skill level 5 in Ranged Weapons
   290 | D:1      | Found a faded altar of an unknown god.
   645 | D:1      | Reached XP level 3. HP: 30/30 MP: 2/2
   682 | D:1      | Found a large runed translucent door.
   682 | D:1      | Found a large runed translucent door.
   758 | D:1      | Noticed a troll
  1647 | D:3      | Reached skill level 1 in Armour
  1669 | D:3      | Noticed Natasha
  1679 | D:3      | Noticed an ice beast
  1691 | D:3      | Killed from afar by Natasha

Illustrated notes

Levels and vault maps discovered:
D:1:      erik_arrival_cave_to_civilisation [erik_arrival_cave_to_temple],
          layout_basic, hellmonk_ecumenical_altar_run_dry,
          hangedman_feature_mirror, minmay_vboxes
D:2:      layout_loops_ring
D:3:      layout_basic, zin_scriptorium, uniq_natasha, uniq_pargi, uniq_grinder

Skill      XL: |  1  2  3 |
---------------+----------+-----
Ranged Weapons | 5 |  5.8
Armour         | 1 |  1.0
Fighting       | |  2.8
Dodging        | |  2.1
Stealth        | |  0.7

Action                   || total
-------------------------++-------
 Fire: Shortbow          ||   100
Armor: Leather armour    ||     9
Dodge: Dodged            ||    22

Table legend: (Time is in decaauts)
 A = Elapsed time spent in this place.
 B = Non-inter-level travel time spent in this place.
 C = Inter-level travel time spent in this place.
 D = Time resting spent in this place.
 E = Time spent auto-exploring this place.
 F = Levels seen in this place.
 G = Mean time per level.
                   A        B        C        D        E       F      G
               +--------+--------+--------+--------+--------+-----+--------+
         Total |   1717 |   1637 |     80 |      0 |   1389 |   3 |  572.3 |
       Dungeon |   1717 |   1637 |     80 |      0 |   1389 |   3 |  572.3 |
               +--------+--------+--------+--------+--------+-----+--------+

Top non-repeatable levels by time:
     D:2: 827 daAuts
     D:1: 824 daAuts
     D:3: 65 daAuts
